 Dungeon Crawl Stone Soup version 0.32-a0-484-g2eb335deba (webtiles) character file.

Game seed: 6916925061578832971

127 Dirtsage the Shooter (level 4, 0/33 HPs)
             Began as a Demonspawn Hunter on Feb 26, 2024.
             Slain by a gnoll
             ... wielding a +0 halberd
              (7 damage)
             ... on level 3 of the Dungeon.
             The game lasted 00:02:02 (1915 turns).

Dirtsage the Shooter (Demonspawn Hunter)            Turns: 1915, Time: 00:02:03

Health: 0/33       AC:  7    Str: 11    XL:     4   Next: 85%
Magic:  4/4        EV: 12    Int: 10    God:
Gold:   164        SH:  0    Dex: 18    Spells: 3/3 levels left

rFire   . . .        a - +0 shortbow
rCold   . . .        (shield currently unavailable)
rNeg    . . .        c - +0 leather armour
rPois   .            e - +0 helmet
rElec   .            (no cloak)
rCorr   .            d - +2 pair of gloves
SInv    .            (no boots)
Will    .....        (no amulet)
Stlth   ++           (no ring)
HPRegen 0.25/turn    (no ring)
MPRegen 0.09/turn

%: no passive effects
@: no status effects
A: foul stench 1, sturdy frame 1
a: no special abilities


You were on level 3 of the Dungeon.
You visited 1 branch of the dungeon, and saw 3 of its levels.

You collected 164 gold pieces.

Inventory:

Hand Weapons
 a - a +0 shortbow (weapon)
Missiles
 g - 4 curare-tipped darts
Armour
 c - a +0 leather armour (worn)
 d - a +2 pair of gloves (worn)
 e - a +0 helmet (worn)
Wands
 k - a wand of roots (8)
Scrolls
 b - a scroll of butterflies
 h - a scroll of poison {unknown}
 i - 2 scrolls of identify {unknown}
 j - 2 scrolls of teleportation {unknown}
Potions
 f - 2 potions of cancellation {unknown}


   Skills:
 - Level 2.0 Fighting
 + Level 5.7 Ranged Weapons
 - Level 1.7 Dodging
 - Level 0.8 Stealth


You had 3 spell levels left.
You didn't know any spells.
Your spell library contained the following spells:

 Spells                   Type           Power      Damage    Failure   Level
 Magic Dart               Conj           0%         1d3       38%         1
 Sting                    Conj/Alch      0%         1d3       38%         1
 Mercury Vapours          Alch/Air       0%         N/A       52%         2
 Scorch                   Fire           0%         2d5       52%         2
 Searing Ray              Conj           0%         2d4       52%         2
 Flame Wave               Conj/Fire      0%         2d4       99%         4
 Fulminant Prism          Conj/Alch      0%         3d5       99%         4
 Olgreb's Toxic Radiance  Alch           0%         N/A       99%         4
 Summon Cactus Giant      Summ           0%         N/A       100%        6


Dungeon Overview and Level Annotations

Branches:
Dungeon (3/15)

Altars:

Shops:
D:1 [


Innate Abilities, Weirdness & Mutations

You may rarely emit foul miasma when damaged in melee.
Your movements are slightly less encumbered by armour. (ER -2)


Message History

Fire: a) +0 shortbow
Press: ? - help, Q - select action, (/) - cycle Shift-Dir - straight line, f/p - gnoll
Aim: a gnoll, wielding a +0 halberd (moderately wounded, 68% to hit)
You shoot an arrow. The arrow hits the gnoll.
The gnoll is heavily wounded.
The gnoll closely misses you.
The gnoll hits you from afar with a +0 halberd.
You take 3 damage, and have 19/33 hp.
Fire: a) +0 shortbow
Press: ? - help, Q - select action, (/) - cycle Shift-Dir - straight line, f/p - gnoll
Aim: a gnoll, wielding a +0 halberd (heavily wounded, 68% to hit)
You shoot an arrow. The arrow barely misses the gnoll.
The gnoll hits you but does no damage.
Fire: a) +0 shortbow
Press: ? - help, Q - select action, (/) - cycle Shift-Dir - straight line, f/p - gnoll
Aim: a gnoll, wielding a +0 halberd (heavily wounded, 68% to hit)
You shoot an arrow. The arrow closely misses the gnoll.
The gnoll hits you from afar with a +0 halberd!
You take 8 damage, and have 11/33 hp.
MASSIVE DAMAGE!!
Fire: a) +0 shortbow
Press: ? - help, Q - select action, (/) - cycle Shift-Dir - straight line, f/p - gnoll
Aim: a gnoll, wielding a +0 halberd (heavily wounded, 68% to hit)
You shoot an arrow.
The arrow hits the gnoll but does no damage.
The gnoll is heavily wounded.
The gnoll barely misses you.
Fire: a) +0 shortbow
Press: ? - help, Q - select action, (/) - cycle Shift-Dir - straight line, f/p - gnoll
Aim: a gnoll, wielding a +0 halberd (heavily wounded, 68% to hit)
You shoot an arrow. The arrow closely misses the gnoll.
The gnoll hits you from afar with a +0 halberd.
* * * LOW HITPOINT WARNING * * *
You take 4 damage, and have 7/33 hp.
Fire: a) +0 shortbow
Press: ? - help, Q - select action, (/) - cycle Shift-Dir - straight line, f/p - gnoll
Aim: a gnoll, wielding a +0 halberd (heavily wounded, 68% to hit)
You shoot an arrow. The arrow hits the gnoll.
The gnoll is heavily wounded.
The gnoll hits you from afar with a +0 halberd!
You die...

#......'.............#########
#......######.................
#......# #........####.....
#......# #........####.....
######## #..>..............
#........####..... #........#
#..... #........# #.....
#@######## #..... #)# #.....
#g# #..... #.# #.....
##########.# #####
#..........# ## #..........#
#. #......)...# #...
#..........# #...


You could see a gnoll.

Vanquished Creatures
  A bombardier beetle (D:3)
  A gnoll (D:3)
  6 adders
  A dart slug (D:2)
  4 ball pythons
  3 bats
  4 endoplasms
  2 giant cockroaches (D:2)
  2 goblins
  4 hobgoblins
  5 kobolds
  2 frilled lizards (D:1)
35 creatures vanquished.

Notes
Turn   | Place    | Note
-------+----------+-------------------------------------------
     0 | D:1      | Dirtsage the Demonspawn Hunter began the quest for the Orb.
     0 | D:1      | Reached XP level 1. HP: 16/16 MP: 1/1
   220 | D:1      | Reached skill level 4 in Ranged Weapons
   231 | D:1      | Gained mutation: Your movements are slightly less
                  | encumbered by armour. (ER -2) [demonic ancestry]
   231 | D:1      | Reached XP level 2. HP: 22/22 MP: 2/2
   388 | D:1      | Found Olua's Antique Armour Shop.
   537 | D:1      | Found a faded altar of an unknown god.
   736 | D:2      | Gained mutation: You may rarely emit foul miasma when
                  | damaged in melee. [demonic ancestry]
   736 | D:2      | Reached XP level 3. HP: 20/27 MP: 3/3
   980 | D:2      | Reached skill level 5 in Ranged Weapons
  1246 | D:2      | Reached XP level 4. HP: 26/33 MP: 4/4
  1915 | D:3      | Slain by a gnoll

Illustrated notes

Levels and vault maps discovered:
D:1:      minmay_arrival_four_loops, layout_basic, serial_shops,
          nicolae_shop_real_fake_doors, hellmonk_ecumenical_altar_arch_garden
D:2:      layout_basic
D:3:      layout_basic, kennysheep_vampire_church

Skill      XL: |  1  2  3 |
---------------+----------+-----
Ranged Weapons | 4 5 |  5.7
Fighting       | |  2.0
Dodging        | |  1.7
Stealth        | |  0.8

Action                     |  1- 3 |  4- 6 || total
---------------------------+-------+-------++-------
   Fire: Shortbow          |    96 |    37 ||   133
 Armour: Leather armour    |    24 |     6 ||    30
  Dodge: Dodged            |    27 |     6 ||    33

Table legend: (Time is in decaauts)
 A = Elapsed time spent in this place.
 B = Non-inter-level travel time spent in this place.
 C = Inter-level travel time spent in this place.
 D = Time resting spent in this place.
 E = Time spent auto-exploring this place.
 F = Levels seen in this place.
 G = Mean time per level.
                   A        B        C        D        E       F      G
               +--------+--------+--------+--------+--------+-----+--------+
         Total |   1938 |   1916 |     22 |      0 |   1668 |   3 |  646.0 |
       Dungeon |   1938 |   1916 |     22 |      0 |   1668 |   3 |  646.0 |
               +--------+--------+--------+--------+--------+-----+--------+

Top non-repeatable levels by time:
     D:2: 766 daAuts
     D:1: 714 daAuts
     D:3: 458 daAuts
